 Dungeon Crawl Stone Soup version 0.29.0-4-gdea44cf6ec (webtiles) character file.

Game seed: 8917345378946106839

55 qw the Chopper (level 3, -4/21 HPs)
             Began as a Tengu Warper on Aug 28, 2022.
             Slain by Terence
             ... wielding a +0 trident
              (7 damage)
             ... on level 2 of the Dungeon.
             The game lasted 00:00:09 (1841 turns).

qw the Chopper (Tengu Warper)                       Turns: 1841, Time: 00:00:09

Health: -4/21      AC:  5    Str: 13    XL:     3   Next: 93%
Magic:  7/7        EV: 11    Int: 13    God:
Gold:   102        SH:  0    Dex: 13    Spells: 6/6 levels left

rFire   . . .      SeeInvis .   Y - +0 hand axe
rCold   . . .      Faith    .   (no shield)
rNeg    + . .      Spirit   .   e - +0 ring mail
rPois   .          Reflect  .   (helmet restricted)
rElec   .          Harm     .   (no cloak)
rCorr   .          Rampage  .   (no gloves)
Will    .....                   (boots unavailable)
Stlth   +.........              (no amulet)
HPRegen 0.07/turn               m - ring of positive energy
MPRegen 0.10/turn               (no ring)

@: about to teleport
A: beak, talons 3
a: no special abilities


You were on level 2 of the Dungeon.
You visited 1 branch of the dungeon, and saw 2 of its levels.

You collected 102 gold pieces.


Innate Abilities, Weirdness & Mutations

You have a beak for a mouth.
You have claws for feet.


   Skills:
 - Level 2.0 Fighting
 + Level 4.5 Axes
 - Level 1.0 Throwing
 - Level 1.1 Armour
 - Level 2.1 Dodging
 - Level 2.0 Spellcasting
 - Level 2.4 Translocations


You had 6 spell levels left.
You didn't know any spells.
Your spell library contained the following spells:

 Spells                   Type           Power      Damage    Failure   Level
 Blink                    Tloc           14%        N/A       30%         2
 Gell's Gravitas          Tloc           7%         N/A       52%         3
 Lesser Beckoning         Tloc           7%         N/A       52%         3
 Teleport Other           Tloc           7%         N/A       52%         3
 Manifold Assault         Tloc           7%         N/A       99%         5

Inventory:

Hand Weapons
 h - a +0 whip
 Y - a +0 hand axe (weapon)
Armour
 e - a +0 ring mail (worn)
Jewellery
 m - a ring of positive energy (left hand)
Potions
 a - a potion of flight {unknown}
 f - a potion of curing
 i - a potion of resistance {unknown}
 l - a potion of haste {unknown}

Dungeon Overview and Level Annotations

Branches:
Dungeon (2/15)

Altars:

Annotations:
D:2 Terence


Message History

You hit the worm. Your kick misses the worm.
The worm is moderately wounded.
You hit the worm. You peck the worm.
The worm is almost dead.
The worm bites you!
You hit the worm.
You kill the worm!
You start resting.
HP restored.
A kobold comes into view. It is wielding a +0 club.
Found a scroll of teleportation.
You hit the kobold but do no damage. You claw the kobold.
You kill the kobold!
Things that are here:
a +0 club; 2 stones; a kobold corpse
b - a scroll of teleportation You open the door.
There is an open door here.
You now have 102 gold pieces (gained 11).
Terence the Incautious comes into view.
He is wielding a +0 trident.
Found a lajatang.
Terence shouts!
Enter note: Terence hits you with a +0 trident.
You hit Terence but do no damage. Terence barely misses you.
You hit Terence. Your peck misses Terence.
Terence is lightly wounded.
Terence hits you with a +0 trident.
You hit Terence but do no damage.
Terence is lightly wounded.
Terence hits you with a +0 trident! Terence hits you but does no damage.
1840 ||| READING scroll of teleportation.
As you read the scroll of teleportation, it crumbles to dust.
You feel strangely unstable. Terence hits you but does no damage.
You hit Terence. You claw Terence. You peck Terence.
Terence is moderately wounded.
Terence hits you with a +0 trident!
You die...

# #.# #....# #.##.#
###.##.# #.#.##.#
#.#.##)# #### ##
#.#.##.####.....
.########.#.##..........
................@@..#
.###......#+######### .#
#.........# .#
##+###....#
.####........#
.........#...#
########.##'## #
####.##.# ## #.......#


You could see Terence.

Vanquished Creatures
  An adder (D:2)
  2 worms (D:2)
  A dart slug (D:1)
  6 endoplasms (D:1)
  3 goblins (D:1)
  4 hobgoblins
  3 quokkas (D:1)
  3 ball pythons
  5 bats
  A frilled lizard (D:2)
  3 kobolds
  5 rats
37 creatures vanquished.

Vanquished Creatures (others)
  5 fungi (D:1)
  7 plants (D:1)
12 creatures vanquished.

Grand Total: 49 creatures vanquished

Notes
Turn   | Place    | Note
-------+----------+-------------------------------------------
     0 | D:1      | qw the Tengu Warper began the quest for the Orb.
     0 | D:1      | Reached XP level 1. HP: 12/12 MP: 4/4
     0 | D:1      | 0 ||| qw: Version: 0.1-a-89-g26bdef1
     0 | D:1      | 0 ||| qw: Game counter: 1826
     0 | D:1      | 0 ||| qw: Always use a shield: true
     0 | D:1      | 0 ||| qw: God list: Okawaru
     0 | D:1      | 0 ||| qw: Allow faded altars: false
     0 | D:1      | 0 ||| qw: Do Orc after D:15 true
     0 | D:1      | 0 ||| qw: Do second Lair branch before Depths: true
     0 | D:1      | 0 ||| qw: Lair rune preference: random
     0 | D:1      | 0 ||| qw: Plans: Normal
     0 | D:1      | 0 ||| PLANNING D:1-11
    23 | D:1      | 23 ||| Stepping ~*~*~tactically~*~*~ (hiding).
   132 | D:1      | 132 ||| Stepping ~*~*~tactically~*~*~ (stealth).
   142 | D:1      | Reached skill level 3 in Axes
   142 | D:1      | Reached XP level 2. HP: 6/17 MP: 6/6
   166 | D:1      | 166 ||| Stepping ~*~*~tactically~*~*~ (stealth).
   169 | D:1      | 169 ||| Stepping ~*~*~tactically~*~*~ (stealth).
   548 | D:1      | 548 ||| Stepping ~*~*~tactically~*~*~ (stealth).
   550 | D:1      | 550 ||| Stepping ~*~*~tactically~*~*~ (stealth).
   552 | D:1      | 552 ||| Stepping ~*~*~tactically~*~*~ (stealth).
   726 | D:1      | 726 ||| Stepping ~*~*~tactically~*~*~ (stealth).
   729 | D:1      | 729 ||| Stepping ~*~*~tactically~*~*~ (stealth).
   736 | D:1      | Reached XP level 3. HP: 18/21 MP: 7/7
   746 | D:1      | 746 ||| Stepping ~*~*~tactically~*~*~ (stealth).
   747 | D:1      | 747 ||| Stepping ~*~*~tactically~*~*~ (stealth).
   748 | D:1      | 748 ||| Stepping ~*~*~tactically~*~*~ (stealth).
   749 | D:1      | 749 ||| Stepping ~*~*~tactically~*~*~ (stealth).
   780 | D:1      | 780 ||| Stepping ~*~*~tactically~*~*~ (stealth).
   820 | D:1      | 820 ||| DROPPING +0 club.
  1001 | D:1      | Reached skill level 4 in Axes
  1040 | D:1      | Found a faded altar of an unknown god.
  1144 | D:1      | 1144 ||| UPGRADING to +0 ring mail.
  1154 | D:1      | 1154 ||| DROPPING +0 leather armour.
  1155 | D:1      | 1155 ||| UPGRADING to ring of positive energy.
  1156 | D:1      | 1156 ||| READING scroll labelled NYGE XUOLANAI.
  1262 | D:1      | 1262 ||| READING scroll labelled YLEZEE ITUNKE.
  1266 | D:1      | 1266 ||| READING scroll labelled PAUROUJUEKK.
  1267 | D:1      | 1267 ||| READING scroll labelled MUPPAKACAM.
  1268 | D:1      | 1268 ||| DRINKING 2 fizzy ruby potions.
  1269 | D:1      | 1269 ||| DROPPING scroll of blinking.
  1283 | D:2      | 1283 ||| STAIRDANCE
  1592 | D:2      | 1592 ||| Stepping ~*~*~tactically~*~*~ (stealth).
  1833 | D:2      | Noticed Terence
  1839 | D:2      | HP: 3/21 [Terence/+0 trident (8)]
  1840 | D:2      | 1840 ||| READING scroll of teleportation.
  1841 | D:2      | Slain by Terence

Levels and vault maps discovered:
D:1:      heliophobic_arrival_henge, layout_rooms,
          shapermc_ecumenical_altar_mp_urbaneastern, minmay_tiny_reverse_x
D:2:      layout_basic, basic_altar, st_stairs_9, minmay_liquid_box,
          uniq_terence

Skill      XL: |  1  2  3 |
---------------+----------+-----
Axes           | 3 4 |  4.5
Fighting       | |  2.0
Throwing       | |  1.0
Armour         | |  1.1
Dodging        | |  2.1
Spellcasting   | |  2.0
Translocations | |  2.4

Action                   || total
-------------------------++-------
Melee: Hand axe          ||    81
       Kick              ||    19
       Peck              ||    11
Throw: Boomerang         ||     7
  Use: Scroll            ||     5
       Potion            ||     1
Armor: Leather armour    ||    17
       Ring mail         ||     6
Dodge: Dodged            ||    52

Table legend:
 A = Non-vault XP
 B = Vault XP
 C = Vault XP percentage of total XP
 D = Non-vault monster count
 E = Vault monster count
 F = Vault count percentage of total count
                 A         B        C        D         E       F
            +---------+---------+-------+---------+---------+-------
      Total |      62 |      17 |  21.5 |      32 |       5 |  13.5
            +---------+---------+-------+---------+---------+-------
        D:1 |      46 |       3 |   6.1 |      25 |       3 |  10.7
        D:2 |      16 |      14 |  46.7 |       7 |       2 |  22.2
            +---------+---------+-------+---------+---------+-------
